 Dungeon Crawl Stone Soup version 0.28-a0-406-g4bac719ec2 (webtiles) character file.

Game seed: 8878112949904454532

3972 Gargoyl the Fighter (level 10, -9/82 HPs)
             Began as a Gnoll Abyssal Knight on Sept 5, 2021.
             Was a Priest of Lugonu.
             Mangled by a shadow (23 damage)
             ... on level 8 of the Dungeon.
             The game lasted 00:17:05 (11434 turns).

Gargoyl the Fighter (Gnoll Abyssal Knight)         Turns: 11434, Time: 00:17:06

Health: -9/82      AC: 18    Str: 15    XL:     10   Next: 22%
Magic:  13/17      EV: 10    Int: 12    God:    Lugonu [***...]
Gold:   542        SH: 12    Dex: 11    Spells: 19/19 levels left

rFire   + + .      SeeInvis .   a - +1 hand axe
rCold   . . .      Faith    .   o - +2 buckler {reflect}
rNeg    + . .      Spirit   .   c - +0 fire dragon scales
rPois   .          Reflect  +   i - +2 helmet
rElec   .          Harm     .   A - +2 cloak
rCorr   .          Rampage  .   (no gloves)
Will    .....                   B - +0 pair of boots
Stlth   +.........              v - amulet of reflection
HPRegen 0.23/turn               b - ring of protection from cold
MPRegen 0.15/turn               e - ring of positive energy

@: no status effects
A: fangs 1, strong nose, distributed training
a: Renounce Religion, Depart the Abyss, Bend Space, Banish


You were on level 8 of the Dungeon.
You worshipped Lugonu.
Lugonu was most pleased with you.
You visited 1 branch of the dungeon, and saw 8 of its levels.
You visited the Abyss 2 times.

You collected 637 gold pieces.
You spent 95 gold pieces at shops.

Inventory:

Hand Weapons
 a - a +1 hand axe (weapon)
Missiles
 j - 29 poisoned darts (quivered)
 n - a throwing net
 s - 6 curare-tipped darts
Armour
 c - +0 fire dragon scales (worn)
 i - a +2 helmet (worn)
 o - a +2 buckler of reflection (worn)
 A - a +2 cloak (worn)
 B - a +0 pair of boots (worn)
Jewellery
 b - a ring of protection from cold (left hand)
 e - a ring of positive energy (right hand)
 h - a ring of willpower
 p - a ring of positive energy
 q - a ring of positive energy
 v - an amulet of reflection (around neck)
 C - an amulet of magic regeneration
 D - a ring of magical power
Wands
 g - a wand of flame (22)
 l - a wand of paralysis (8)
 m - a wand of mindburst (19)
 r - a wand of acid (23)
Scrolls
 u - 2 scrolls of magic mapping
 y - 4 scrolls of teleportation
Potions
 d - 2 potions of lignification
 f - 2 potions of flight
 k - 2 potions of haste
 t - a potion of might
 w - 3 potions of heal wounds
 x - 2 potions of curing
 z - a potion of magic {unknown}
 E - a potion of degeneration {unknown}
 F - a potion of resistance {unknown}
 G - 2 potions of mutation {unknown}


   Skills:
 + Level 8.4 Fighting
 + Level 5.0 Short Blades
 + Level 5.0 Long Blades
 + Level 6.9 Axes
 + Level 5.0 Maces & Flails
 + Level 5.0 Polearms
 + Level 5.0 Staves
 + Level 5.0 Slings
 + Level 5.0 Bows
 + Level 5.0 Crossbows
 + Level 5.0 Throwing
 + Level 6.9 Armour
 + Level 5.7 Dodging
 + Level 5.0 Stealth
 + Level 5.0 Shields
 + Level 5.0 Unarmed Combat
 + Level 5.0 Spellcasting
 + Level 4.2 Conjurations
 + Level 4.2 Hexes
 + Level 4.2 Summonings
 + Level 4.2 Necromancy
 + Level 4.2 Translocations
 + Level 4.2 Transmutations
 + Level 4.2 Fire Magic
 + Level 4.2 Ice Magic
 + Level 4.2 Air Magic
 + Level 4.2 Earth Magic
 + Level 4.2 Poison Magic
 + Level 7.3 Invocations
 + Level 5.0 Evocations


You had 19 spell levels left.
You didn't know any spells.
Your spell library contained the following spells:

 Spells                   Type           Power      Damage    Failure   Level
 Beastly Appendage        Tmut           26%        N/A       16%         1
 Wereblood                Tmut           13%        N/A       24%         2
 Frozen Ramparts          Ice            26%        1d4       43%         3
 Gell's Gravitas          Tloc           6%         N/A       43%         3
 Lesser Beckoning         Tloc           13%        N/A       43%         3
 Spider Form              Tmut/Pois      6%         N/A       43%         3
 Teleport Other           Tloc           13%        N/A       43%         3
 Ice Form                 Ice/Tmut       13%        N/A       83%         4
 Olgreb's Toxic Radiance  Pois           13%        N/A       83%         4
 Summon Ice Beast         Ice/Summ       13%        N/A       83%         4
 Ozocubu's Refrigeration  Ice            6%         4d6       100%        7
 Ignition                 Fire           6%         3d4       100%        8


Dungeon Overview and Level Annotations

Branches:
Dungeon (8/15)             Temple (0/1) D:4
   Lair: D:8-11

Altars:
Ashenzari
Hepliaklqana
Kikubaaqudgha
Nemelex Xobeh
Ru
Sif Muna
Vehumet
Xom
Zin
The Shining One

Shops:
D:4 *   D:5 *

Annotations:
D:5 lupus83's ghost, novice DjCj


Innate Abilities, Weirdness & Mutations

You have very sharp teeth.
Your uncanny sense of smell can sniff out nearby items.
Your experience applies equally to all skills.


Message History

The killer bee stings you but does no damage.
The killer bee barely misses you.
The killer bee stings you but does no damage.
Unknown command.
You closely miss the killer bee. Your bite misses the killer bee.
The killer bee is almost dead.
You barely miss the killer bee.
You feel sick.
The killer bee stings you but does no damage.
The killer bee barely misses you. You block the killer bee's attack.
The killer bee closely misses you.
You hit the killer bee.
You kill the killer bee!
Lugonu accepts your kill.
You hit the killer bee.
You feel sick. You block the killer bee's attack.
Unknown command.
You hit the killer bee.
You kill the killer bee!
Lugonu accepts your kill.
You hit the shadow.
The shadow slips into darkness.
The shadow flickers and vanishes!
Deactivating autopickup; reactivate with Ctrl-A.
You miss something.
You feel sick.
You closely miss something.
You feel sick.
The shadow strikes at you from the darkness!
You hit something.
You feel sick.
The shadow strikes at you from the darkness!
* * * LOW HITPOINT WARNING * * *
Reactivating autopickup.
You closely miss the shadow.
The shadow is moderately damaged.
You feel sick.
You are no longer poisoned.
The shadow slips into darkness.
The shadow flickers and vanishes!
Deactivating autopickup; reactivate with Ctrl-A.
Press: ? - help, Shift-Dir - straight line Nothing appears to happen.
The shadow strikes at you from the darkness!
You die...

.........yy............##
......................##
......................#.#
.........................
......|..............##..
#..#.........>........#..
.......y.#...............
......{##.............##
...#†@..........####..
#..#.............#....
#.....##..............#
......##............#.#
.......#.............#.#
.....................#.#
.#................##....
##.#.............###...
#.#...##........##....


You could see a killer bee.

Vanquished Creatures
  Sigmund (D:2)
  Eustachio (D:6)
  2 steam dragons (D:7)
  2 black bears
  An ice beast (D:6)
  4 sky beasts
  2 necrophages
  3 ogres
  A centaur (D:7)
  A bullfrog (D:7)
  4 scorpions
  7 killer bees
  4 wights
  A howler monkey (D:6)
  A centaur zombie (D:7)
  5 hounds
  Crazy Yiuf (D:6)
  2 orc priests
  4 jellies
  A centaur skeleton (D:6)
  Natasha (D:4)
  3 iguanas
  2 orc wizards
  Terence (D:2)
  A killer bee zombie (D:7)
  A mummy (D:8)
  A howler monkey zombie (D:5)
  Robin (D:2)
  4 gnolls (D:4)
  5 adders
  A howler monkey skeleton (D:7)
  A shadow imp (D:7)
  A worm (D:1)
  A dart slug (D:1)
  19 orcs
  6 bats
  3 endoplasms
  5 giant cockroaches
  11 goblins
  9 hobgoblins
  21 kobolds
  8 quokkas
  6 ball pythons
  3 frilled lizards
  A goblin zombie (D:8)
  6 rats
170 creatures vanquished.

Vanquished Creatures (others)
  A bullfrog (D:7)
  4 plants (D:4)
5 creatures vanquished.

Grand Total: 175 creatures vanquished

Notes
Turn   | Place    | Note
-------+----------+-------------------------------------------
     0 | Abyss:1  | Gargoyl the Gnoll Abyssal Knight began the quest for the
                  | Orb.
     0 | Abyss:1  | Reached XP level 1. HP: 23/23 MP: 3/3
    21 | Abyss:1  | Found a corrupted altar of Lugonu.
    26 | Abyss:2  | Found a corrupted altar of Lugonu.
    53 | Abyss:2  | Noticed an ancient zyme
    60 | Abyss:2  | Found a radiant altar of Vehumet.
    61 | Abyss:2  | Noticed a thrashing horror
    62 | Abyss:2  | Found a corrupted altar of Lugonu.
    65 | D:1      | Escaped the Abyss
   421 | D:1      | Reached XP level 2. HP: 26/29 MP: 5/5
   549 | D:1      | Reached * piety under Lugonu
   822 | D:1      | Reached XP level 3. HP: 35/35 MP: 6/6
  1477 | D:2      | Reached skill level 1 in Short Blades
  1477 | D:2      | Reached skill level 1 in Long Blades
  1477 | D:2      | Reached skill level 1 in Maces & Flails
  1477 | D:2      | Reached skill level 1 in Polearms
  1477 | D:2      | Reached skill level 1 in Staves
  1477 | D:2      | Reached skill level 1 in Slings
  1477 | D:2      | Reached skill level 1 in Bows
  1477 | D:2      | Reached skill level 1 in Crossbows
  1477 | D:2      | Reached skill level 1 in Throwing
  1477 | D:2      | Reached skill level 1 in Stealth
  1477 | D:2      | Reached skill level 1 in Shields
  1477 | D:2      | Reached skill level 1 in Unarmed Combat
  1477 | D:2      | Reached skill level 1 in Spellcasting
  1477 | D:2      | Reached skill level 1 in Evocations
  1503 | D:2      | Reached XP level 4. HP: 38/41 MP: 7/7
  1754 | D:2      | Noticed Terence
  1759 | D:2      | Noticed Sigmund
  1787 | D:2      | Killed Terence
  1788 | D:2      | Reached skill level 1 in Conjurations
  1788 | D:2      | Reached skill level 1 in Hexes
  1788 | D:2      | Reached skill level 1 in Summonings
  1788 | D:2      | Reached skill level 1 in Necromancy
  1788 | D:2      | Reached skill level 1 in Translocations
  1788 | D:2      | Reached skill level 1 in Transmutations
  1788 | D:2      | Reached skill level 1 in Fire Magic
  1788 | D:2      | Reached skill level 1 in Ice Magic
  1788 | D:2      | Reached skill level 1 in Air Magic
  1788 | D:2      | Reached skill level 1 in Earth Magic
  1788 | D:2      | Reached skill level 1 in Poison Magic
  1804 | D:2      | Killed Sigmund
  1805 | D:2      | Reached skill level 5 in Invocations
  1805 | D:2      | Reached XP level 5. HP: 34/47 MP: 8/8
  1805 | D:2      | Reached XP level 6. HP: 38/53 MP: 9/9
  1922 | D:2      | Noticed Robin
  1936 | D:2      | Killed Robin
  1954 | D:2      | Reached ** piety under Lugonu
  2439 | D:2      | Found a faded altar of an unknown god.
  2585 | D:3      | Reached skill level 5 in Axes
  2585 | D:3      | Reached skill level 5 in Armour
  3366 | D:4      | Found a sacrificial altar of Ru.
  3393 | D:4      | Reached XP level 7. HP: 24/59 MP: 10/10
  3883 | D:4      | Reached skill level 7 in Fighting
  4027 | D:4      | Found a shimmering blue altar of Sif Muna.
  4028 | D:4      | Found a sparkling altar of Nemelex Xobeh.
  4039 | D:4      | Found a staircase to the Ecumenical Temple.
  4105 | D:4      | Noticed Natasha
  4120 | D:4      | Killed Natasha
  4452 | D:4      | Found Degeryciops's CLEARANCE SALE! EVERYTHING MUST GO!.
  4520 | D:5      | Entered Level 5 of the Dungeon
  4685 | D:5      | Found a runed translucent gate.
  4685 | D:5      | Noticed lupus83's ghost (novice DjCj)
  4686 | D:5      | Found a runed translucent gate.
  4686 | D:5      | Found a runed translucent gate.
  5042 | D:5      | Reached XP level 8. HP: 34/67 MP: 12/12
  5715 | D:5      | Reached *** piety under Lugonu
  5722 | D:5      | Found a blossoming altar of Fedhas.
  5724 | D:5      | Found a shimmering altar of Xom.
  5724 | D:5      | Found a glowing golden altar of the Shining One.
  5726 | D:5      | Found a radiant altar of Vehumet.
  5726 | D:5      | Found a hazy altar of Hepliaklqana.
  5726 | D:5      | Found a glowing silver altar of Zin.
  6134 | D:6      | Noticed Eustachio
  6188 | D:6      | HP: 5/100 [crimson imp[Eustachio] (3)]
  6190 | D:6      | Killed Eustachio
  6518 | D:6      | HP: 1/67 [ice beast (19)]
  7057 | D:6      | Reached XP level 9. HP: 37/72 MP: 14/14
  7443 | D:5      | Found Lenib's Assorted Antiques.
  7448 | D:5      | Bought a potion of heal wounds for 95 gold pieces
  8256 | D:6      | Found a runed translucent door.
  8257 | D:6      | Noticed Crazy Yiuf
  8578 | D:6      | Found a broken altar of Ashenzari.
  8583 | D:6      | Found a hazy altar of Hepliaklqana.
  8627 | D:6      | Cast into level 1 of the Abyss (orc wizard)
  8637 | Abyss:1  | Noticed an ancient zyme
  8700 | D:6      | Escaped the Abyss
  8870 | D:6      | Killed Crazy Yiuf
  9103 | D:7      | Reached skill level 5 in Dodging
  9176 | D:7      | Reached skill level 8 in Fighting
  9476 | D:7      | Identified a scroll of acquirement
  9476 | D:7      | Acquired a +2 buckler of reflection
 10596 | D:8      | Noticed a two-headed ogre
 10597 | D:8      | Banished a two-headed ogre
 10598 | D:8      | Reached skill level 5 in Short Blades
 10598 | D:8      | Reached skill level 5 in Long Blades
 10598 | D:8      | Reached skill level 5 in Maces & Flails
 10598 | D:8      | Reached skill level 5 in Polearms
 10598 | D:8      | Reached skill level 5 in Staves
 10598 | D:8      | Reached skill level 5 in Slings
 10598 | D:8      | Reached skill level 5 in Bows
 10598 | D:8      | Reached skill level 5 in Crossbows
 10598 | D:8      | Reached skill level 5 in Throwing
 10598 | D:8      | Reached skill level 5 in Stealth
 10598 | D:8      | Reached skill level 5 in Shields
 10598 | D:8      | Reached skill level 5 in Unarmed Combat
 10598 | D:8      | Reached skill level 5 in Spellcasting
 10598 | D:8      | Reached skill level 5 in Evocations
 10598 | D:8      | Reached XP level 10. HP: 19/81 MP: 10/17
 11276 | D:8      | Found an ancient bone altar of Kikubaaqudgha.
 11434 | D:8      | Mangled by a shadow

Illustrated notes

Levels and vault maps discovered:
D:1:      dpeg_arrival_rhombi, layout_basic
D:2:      layout_loops_ring, shapermc_ecumenical_altar_ellora, uniq_sigmund,
          uniq_terence, uniq_robin
D:3:      layout_rooms, grunt_decor_resistance
D:4:      layout_loops_ring, mainiacjoe_overflow_chevrons,
          gammafunk_temple_overflow_statue, minmay_temple_entry_fiery,
          nicolae_shop_clearance, uniq_natasha
D:5:      layout_basic, doesnt_xom_only_xom, serial_shops, nicolae_shop_trees,
          gammafunk_ghost_nasty_kobolds
D:6:      layout_gridville, mainiacjoe_overflow_big_doors, st_stairs_8,
          hangedman_decor_opposing, minmay_misc_feat_five,
          uniq_crazy_yiuf_cottage, uniq_eustachio
D:7:      corexii_shack_village, layout_cave_pools, hangedman_misty_isle
D:8:      layout_cave_pools, elyvilon_altar_3, kiku_gazebo_pond_becter,
          nicolae_ossuary_entry_giza

Skill      XL: |  1  2  3  4  5  6  7  8  9 |
---------------+----------------------------+-----
Short Blades   | 1 2 3 5 |  5.0
Long Blades    | 1 2 3 5 |  5.0
Maces & Flails | 1 2 3 5 |  5.0
Polearms       | 1 2 3 5 |  5.0
Staves         | 1 2 3 5 |  5.0
Slings         | 1 2 3 5 |  5.0
Bows           | 1 2 3 5 |  5.0
Crossbows      | 1 2 3 5 |  5.0
Throwing       | 1 2 3 5 |  5.0
Stealth        | 1 2 3 5 |  5.0
Shields        | 1 2 3 5 |  5.0
Unarmed Combat | 1 2 3 5 |  5.0
Spellcasting   | 1 2 3 5 |  5.0
Evocations     | 1 2 3 5 |  5.0
Conjurations   | 1 2 3 4 |  4.2
Hexes          | 1 2 3 4 |  4.2
Summonings     | 1 2 3 4 |  4.2
Necromancy     | 1 2 3 4 |  4.2
Translocations | 1 2 3 4 |  4.2
Transmutations | 1 2 3 4 |  4.2
Fire Magic     | 1 2 3 4 |  4.2
Ice Magic      | 1 2 3 4 |  4.2
Air Magic      | 1 2 3 4 |  4.2
Earth Magic    | 1 2 3 4 |  4.2
Poison Magic   | 1 2 3 4 |  4.2
Dodging        | 3 4 5 |  5.7
Invocations    | 5 6 7 |  7.3
Axes           | 5 6 |  6.9
Armour         | 5 6 |  6.9
Fighting       | 7 8 |  8.4

Action                   |  1- 3 |  4- 6 |  7- 9 | 10-12 || total
-------------------------+-------+-------+-------+-------++-------
Melee: Hand axe          |   105 |   192 |   618 |    77 ||   992
       Bite              |     3 |    11 |    61 |     9 ||    84
       Punch             |       |       |    13 |       ||    13
Throw: Dart              |       |     1 |    44 |     7 ||    52
       Throwing net      |       |       |     1 |       ||     1
Invok: Depart the Abyss  |     1 |       |     1 |       ||     2
       Bend Space        |       |       |     5 |       ||     5
       Banish            |       |       |     1 |     1 ||     2
Evoke: Wand              |       |     3 |     5 |       ||     8
  Use: Potion            |     1 |     3 |     4 |       ||     8
       Scroll            |       |     7 |    12 |       ||    19
Armor: Fire dragon scale |    63 |   135 |   420 |    30 ||   648
Dodge: Dodged            |    50 |    70 |   437 |    28 ||   585
Block: Buckler           |       |       |   123 |    48 ||   171
       Other             |       |       |    41 |       ||    41
       Reflection        |       |       |     3 |       ||     3

Table legend: (Time is in decaauts)
 A = Elapsed time spent in this place.
 B = Non-inter-level travel time spent in this place.
 C = Inter-level travel time spent in this place.
 D = Time resting spent in this place.
 E = Time spent auto-exploring this place.
 F = Levels seen in this place.
 G = Mean time per level.
                   A        B        C        D        E       F      G
               +--------+--------+--------+--------+--------+-----+--------+
         Total |  11469 |  11245 |    224 |   2607 |   6237 |  12 |  955.8 |
       Dungeon |  11332 |  11108 |    224 |   2607 |   6166 |   8 | 1416.5 |
         Abyss |    137 |    137 |      0 |      0 |     71 |   4 |   34.2 |
               +--------+--------+--------+--------+--------+-----+--------+

Top non-repeatable levels by time:
     D:6: 2654 daAuts
     D:4: 1678 daAuts
     D:5: 1562 daAuts
     D:7: 1550 daAuts
     D:2: 1361 daAuts
     D:1: 1270 daAuts
     D:3: 646 daAuts
     D:8: 607 daAuts
 Abyss:2: 87 daAuts
 Abyss:1: 49 daAuts
